 Dungeon Crawl Stone Soup version 0.31-a0-799-g6bc09d010c (webtiles) character file.

Game seed: 16144601794227357034

3490 dohliylev the Grappler (level 9, -1/84 HPs)
             Began as a Troll Warper on Sept 19, 2023.
             Was an Initiate of the Shining One.
             Shot with a sling bullet by Joseph (9 damage)
             ... on level 8 of the Dungeon.
             The game lasted 00:15:05 (5813 turns).

dohliylev the Grappler (Troll Warper)               Turns: 5813, Time: 00:15:05

Health: -1/84      AC:  5    Str: 25    XL:     9   Next: 80%
Magic:  1/11       EV: 11    Int:  9    God:    the Shining One [......]
Gold:   463        SH:  0    Dex:  9    Spells: 0/12 levels left

rFire   . .          .
                       - Unarmed
rCold   . . .        (no shield)
rNeg    . . .        a - +0 robe
rPois   .            B - +0 hat
rElec   .            w - +0 cloak
rCorr   .            (gloves unavailable)
SInv    .            (boots unavailable)
Will    .....        k - amulet of regeneration
Stlth   +            h - ring of wizardry
HPRegen 1.94/turn    (no ring)
MPRegen 0.12/turn

%: wizardry (x1)
@: on blink cooldown, glowing
A: large, unfitting armour, claws 3, regeneration 1, shaggy fur 1, tough skin 1
a: Renounce Religion


You were on level 8 of the Dungeon.
You worshipped the Shining One.
The Shining One was noncommittal.
You visited 2 branches of the dungeon, and saw 9 of its levels.

You collected 463 gold pieces.

Inventory:

Missiles
 c - 7 darts of dispersal
 o - 6 atropa-tipped darts
 A - 15 poisoned darts
 C - 3 throwing nets
 D - a curare-tipped dart
Armour
 a - a +0 robe (worn)
 w - a +0 cloak (worn)
 B - a +0 hat (worn)
Jewellery
 h - a ring of wizardry (left claw)
 k - an amulet of regeneration (around neck)
Wands
 j - a wand of roots (19)
 l - a wand of flame (5)
 v - a wand of mindburst (11)
 E - a wand of polymorph (6)
Scrolls
 b - 2 scrolls of blinking
 f - 5 scrolls of identify {unknown}
 g - a scroll of fog {unknown}
 m - 3 scrolls of poison {unknown}
 n - 2 scrolls of amnesia {unknown}
 p - 3 scrolls of teleportation {unknown}
 q - 2 scrolls of vulnerability {unknown}
 s - 3 scrolls of brand weapon {unknown}
 y - 2 scrolls of enchant weapon {unknown}
Potions
 d - 2 potions of invisibility {unknown}
 e - 3 potions of resistance {unknown}
 i - a potion of mutation {unknown}
 r - 3 potions of lignification {unknown}
 t - a potion of degeneration {unknown}
 u - a potion of enlightenment {unknown}
 x - a potion of curing {unknown}
 z - 2 potions of heal wounds {unknown}


   Skills:
 + Level 4.2 Fighting
 + Level 1.0 Throwing
 + Level 5.9 Dodging
 + Level 1.0 Stealth
 + Level 10.5 Unarmed Combat
 + Level 2.2 Spellcasting
 + Level 3.1 Translocations


You couldn't memorise any spells.
You knew the following spells:

 Your Spells              Type           Power      Damage    Failure   Level
a - Blink                 Tloc           12%        N/A       6%          2
b - Teleport Other        Tloc           6%         N/A       11%         3
c - Gell's Gravitas       Tloc           6%         N/A       11%         3
d - Manifold Assault      Tloc           6%         N/A       32%         4

Your spell library contained the following spells:

 Spells                   Type           Power      Damage    Failure   Level
 Lesser Beckoning         Tloc           12%        N/A       6%          2
 Freeze                   Ice            0%         1d3       13%         1
 Wereblood                Tmut           0%         N/A       21%         2
 Frozen Ramparts          Ice            0%         1d1       36%         3
 Hailstorm                Conj/Ice       0%         3d3       36%         3
 Ozocubu's Armour         Ice            0%         N/A       36%         3
 Vhi's Electric Charge    Tloc/Air       6%         N/A       52%         4
 Irradiate                Conj/Tmut      0%         3d11      97%         5
 Metabolic Englaciation   Hex/Ice        0%         N/A       97%         5
 Dispersal                Tloc           3%         N/A       99%         6
 Simulacrum               Ice/Necr       0%         N/A       100%        6


Dungeon Overview and Level Annotations

Branches:
Dungeon (8/15)             Temple (1/1) D:4
   Lair: D:8-11

Altars:
Ashenzari
Cheibriados
Dithmenos
Fedhas
Gozag
Hepliaklqana
Kikubaaqudgha
Makhleb
Nemelex Xobeh
Qazlal
Sif Muna
Trog
Uskayaw
Vehumet
Wu Jian
Xom
Zin
The Shining One

Shops:
D:5 *   D:7 [

Annotations:
D:8 Joseph


Innate Abilities, Weirdness & Mutations

You are too large for most types of armour.
You have claws for hands.
Your natural rate of healing is unusually fast.
You are covered in fur. (AC +1)
You have tough skin. (AC +1)


Message History

Press: ? - help, Shift-Dir - straight line, f - Joseph
Aim: Joseph, wielding a +0 sling and wearing a +1 leather armour of fire resistance (chance to affect: 26%) Joseph looks slightly unstable.
You feel sick.
Joseph shoots a sling bullet.
The sling bullet hits you but does no damage.
You feel sick.
You are no longer poisoned.
Things that are here:
a +0 whip; a kobold corpse Joseph disappears!
Joseph reappears nearby!
Joseph shouts, "I love to fight!
I love killing!"
Joseph unwields a +0 sling.
Joseph wields a +0 quarterstaff.
Joseph hits you with a +0 quarterstaff!
* * * LOW HITPOINT WARNING * * *
Things that are here:
a +0 whip; 5 stones; a kobold corpse
Casting: Teleport Other (dangerous; 11% risk of failure)
Confirm with . or Enter, or press ? or * to list all spells.
You blink.
Found 5 stones.
Joseph unwields a +0 quarterstaff.
Joseph wields a +0 sling.
Joseph shoots a sling bullet.
The sling bullet hits you.
* * * LOW HITPOINT WARNING * * *
Casting: Blink (safe; 6% risk of failure)
Confirm with . or Enter, or press ? or * to list all spells.
Okay, then.
Found 15 gold pieces.
Casting: Blink (safe; 6% risk of failure)
Confirm with . or Enter, or press ? or * to list all spells.
Aiming: Teleport Other (dangerous; 11% risk of failure)
Press: ? - help, Shift-Dir - straight line, f/p - Joseph
Aim: Joseph, wielding a +0 sling and wearing a +1 leather armour of fire resistance (chance to affect: 26%) Joseph easily resists.
Joseph shoots a sling bullet.
The sling bullet hits you!
* * * LOW HITPOINT WARNING * * *
Joseph shoots a sling bullet.
The sling bullet barely misses you.
Casting: Teleport Other (dangerous; 11% risk of failure)
Confirm with . or Enter, or press ? or * to list all spells.
Aiming: Teleport Other (dangerous; 11% risk of failure)
Press: ? - help, Shift-Dir - straight line, f/p - Joseph
Aim: Joseph, wielding a +0 sling and wearing a +1 leather armour of fire resistance (chance to affect: 26%) Joseph easily resists.
Joseph shoots a sling bullet.
The sling bullet hits you!
You die...

.... ...# #..## ### #...
##.## ##.###
########...####....#
...................#####
########...##...........
##@).....@..!.... #
######.)##.......#### #
#.......####....## . #
#.###...# #....# # #
##.###...# ##.#.# #
###.#.##...# #.... #
##.#.#....... ...#.( #
##....####.### #..$.##
.###### ...........#
#......


You could see Joseph.

Vanquished Creatures
  2 hornets (D:8)
  Sigmund (D:6)
  2 steam dragons
  Menkaure (D:5)
  2 water moccasins
  2 sky beasts (D:6)
  2 ice beasts
  An orc warrior (D:8)
  A black bear (D:7)
  An ogre (D:6)
  2 centaurs
  A phantom (D:4)
  3 kobold brigands
  3 bullfrogs
  4 scorpions
  A howler monkey (D:5)
  2 hounds
  A gnoll bouda (D:7)
  4 orc priests
  A jelly (D:5)
  Crazy Yiuf (D:5)
  Jessica (D:2)
  2 iguanas (D:4)
  Natasha (thrice) (D:2)
  5 orc wizards
  6 gnolls
  6 adders
  2 white imps
  4 worms
  A dart slug (D:5)
  34 orcs
  6 ball pythons
  8 endoplasms
  2 giant cockroaches
  4 goblins
  6 hobgoblins
  8 jackals
  19 kobolds
  4 quokkas
  3 bats
  A frilled lizard (D:3)
  4 rats
167 creatures vanquished.

Notes
Turn   | Place    | Note
-------+----------+-------------------------------------------
     0 | D:1      | dohliylev the Troll Warper began the quest for the Orb.
     0 | D:1      | Reached XP level 1. HP: 19/19 MP: 1/1
   337 | D:1      | Reached XP level 2. HP: 28/28 MP: 3/3
   812 | D:2      | Noticed Jessica
   813 | D:2      | Reached XP level 3. HP: 34/35 MP: 4/4
   814 | D:2      | Noticed Natasha
   819 | D:2      | Killed Jessica
   832 | D:2      | Killed Natasha
   833 | D:2      | Reached skill level 3 in Unarmed Combat
   833 | D:2      | Reached XP level 4. HP: 15/42 MP: 5/5
   952 | D:2      | Noticed Natasha
   961 | D:2      | Killed Natasha
  1213 | D:2      | Noticed Natasha
  1227 | D:2      | Killed Natasha
  1228 | D:2      | Reached XP level 5. HP: 28/49 MP: 6/6
  1364 | D:3      | Learned a level 2 spell: Blink
  1378 | D:3      | Found a sparkling altar of Nemelex Xobeh.
  1419 | D:3      | Reached skill level 4 in Unarmed Combat
  1441 | D:3      | Found a blossoming altar of Fedhas.
  1821 | D:3      | Found a faded altar of an unknown god.
  1836 | D:3      | Reached XP level 6. HP: 46/57 MP: 7/7
  2055 | D:4      | Reached skill level 5 in Unarmed Combat
  2076 | D:4      | Found a staircase to the Ecumenical Temple.
  2104 | Temple   | Entered the Ecumenical Temple
  2271 | D:4      | Found an ancient bone altar of Kikubaaqudgha.
  2367 | D:4      | Reached skill level 1 in Throwing
  2608 | D:4      | Reached XP level 7. HP: 66/66 MP: 8/8
  2714 | D:4      | Found an opulent altar of Gozag.
  2714 | D:4      | Found a hide-covered altar of Uskayaw.
  2911 | D:5      | Entered Level 5 of the Dungeon
  2955 | D:5      | Reached skill level 6 in Unarmed Combat
  3227 | D:5      | Found a runed translucent door.
  3228 | D:5      | Noticed Crazy Yiuf
  3328 | D:5      | Found Zin's Purification Station.
  3416 | D:5      | Found a glowing silver altar of Zin.
  3461 | D:5      | Noticed Menkaure
  3468 | D:5      | Killed Menkaure
  3543 | D:5      | Reached XP level 8. HP: 75/75 MP: 9/9
  3697 | D:5      | Killed Crazy Yiuf
  3787 | D:6      | Reached skill level 7 in Unarmed Combat
  3945 | D:6      | Reached skill level 8 in Unarmed Combat
  4004 | D:6      | Found a stormy altar of Qazlal.
  4187 | D:6      | Noticed Sigmund
  4198 | D:6      | Killed Sigmund
  4199 | D:6      | Reached skill level 5 in Dodging
  4354 | D:6      | Reached XP level 9. HP: 77/84 MP: 11/11
  4528 | D:7      | Reached skill level 9 in Unarmed Combat
  4690 | D:7      | Found a burning altar of Makhleb.
  4823 | D:7      | Found Atuth's Antique Armour Emporium.
  4983 | D:7      | Found an ornate altar of the Wu Jian Council.
  5045 | D:7      | Found a bloodstained altar of Trog.
  5096 | D:7      | Found a glowing golden altar of the Shining One.
  5112 | D:7      | Became a worshipper of the Shining One
  5447 | D:7      | Learned a level 3 spell: Teleport Other
  5451 | D:7      | Learned a level 3 spell: Gell's Gravitas
  5456 | D:7      | Learned a level 4 spell: Manifold Assault
  5571 | D:8      | Reached skill level 10 in Unarmed Combat
  5690 | D:8      | Reached skill level 1 in Stealth
  5799 | D:8      | Paralysed by a hornet for 3 turns
  5800 | D:8      | Noticed Joseph
  5811 | D:8      | HP: 4/84 [Joseph/sling bullet (8)]
  5813 | D:8      | Shot with a sling bullet by Joseph

Illustrated notes

Levels and vault maps discovered:
D:1:      nzn_arrival_water_spiral, layout_basic
D:2:      layout_loops_cross, uniq_jessica, uniq_natasha
D:3:      layout_rooms, lemuel_round_altar, mainiacjoe_overflow_six_doors_small,
          chequers_ecumenical_altar_island, minmay_starry_boxes
D:4:      layout_loops_ring, kiku_gazebo_garden_becter,
          gammafunk_temple_overflow_elements, minmay_temple_entry_mist,
          kennysheep_generic_room_14
D:5:      layout_basic, zin_purify, uniq_menkaure, uniq_crazy_yiuf_cottage
D:6:      layout_loops_cross, nicolae_qazlal_beasts_of_the_sky, uniq_sigmund
D:7:      layout_loops_corners, nicolae_wu_jian_wuxing_cycle,
          nicolae_overflow_crystal_walls, mainiacjoe_overflow_chevrons,
          mainiacjoe_overflow_small_starburst, serial_shops,
          nicolae_shop_scrapyard, minmay_checkerbox
D:8:      black_bear_nest_2, layout_loops_ring, mainiacjoe_overflow_24_doors,
          lair_entry_dummy, uniq_joseph, uniq_gastronok
Temple:   hellmonk_temple_beads

Skill      XL: |  1  2  3  4  5  6  7  8  9 |
---------------+----------------------------+-----
Dodging        | 2 3 4 5 |  5.9
Unarmed Combat | 3 4 5 6 8 10 | 10.5
Fighting       | 2 3 4 |  4.2
Throwing       | 1 |  1.0
Spellcasting   | 2 |  2.2
Translocations | 3 |  3.1
Stealth        | 1 |  1.0

Action                     |  1- 3 |  4- 6 |  7- 9 || total
---------------------------+-------+-------+-------++-------
  Melee: Unarmed           |    72 |   172 |   233 ||   477
         Punch             |     1 |     4 |     6 ||    11
  Throw: Throwing net      |       |     1 |       ||     1
   Cast: Blink             |       |       |     5 ||     5
         Teleport Other    |       |       |     3 ||     3
         Manifold Assault  |       |       |     2 ||     2
   Stab: Sleeping          |       |     2 |       ||     2
 Armour: Robe              |    50 |   123 |   197 ||   370
  Dodge: Dodged            |    50 |    82 |   101 ||   233

Table legend: (Time is in decaauts)
 A = Elapsed time spent in this place.
 B = Non-inter-level travel time spent in this place.
 C = Inter-level travel time spent in this place.
 D = Time resting spent in this place.
 E = Time spent auto-exploring this place.
 F = Levels seen in this place.
 G = Mean time per level.
                   A        B        C        D        E       F      G
               +--------+--------+--------+--------+--------+-----+--------+
         Total |   5777 |   5532 |    245 |    315 |   3760 |   9 |  641.9 |
       Dungeon |   5706 |   5491 |    215 |    315 |   3760 |   8 |  713.2 |
        Temple |     70 |     40 |     30 |      0 |      0 |   1 |   70.0 |
               +--------+--------+--------+--------+--------+-----+--------+

Top non-repeatable levels by time:
     D:7: 1067 daAuts
     D:4: 834 daAuts
     D:5: 818 daAuts
     D:1: 738 daAuts
     D:6: 664 daAuts
     D:3: 638 daAuts
     D:2: 616 daAuts
     D:8: 328 daAuts
  Temple: 70 daAuts
